 Dungeon Crawl Stone Soup version 0.28-a0-1182-g381e24db82 (webtiles) character file.

Game seed: 11907786187210338192

280 lonewolfV2 the Ducker (level 6, -4/91 HPs)
             Began as a Troll Fighter on Dec 16, 2021.
             Engulfed by a steam dragon's steam (8 damage)
             ... on level 4 of the Dungeon.
             The game lasted 00:06:13 (2464 turns).

lonewolfV2 the Ducker (Troll Fighter)               Turns: 2464, Time: 00:06:13

Health: -4/91      AC:  4    Str: 27    XL:     6   Next: 5%
Magic:  5/5        EV:  8    Int:  4    God:
Gold:   137        SH:  7    Dex:  9    Spells: 5/5 levels left

rFire   . . .      SeeInvis +     - Unarmed
rCold   . . .      Faith    .   b - +0 kite shield
rNeg    . . .      Spirit   .   a - +0 robe
rPois   .          Reflect  .   (helmet restricted)
rElec   .          Harm     .   (no cloak)
rCorr   .          Rampage  .   (gloves unavailable)
Will    .....                   (boots unavailable)
Stlth   ..........              (no amulet)
HPRegen 1.05/turn               n - ring of see invisible
MPRegen 0.09/turn               (no ring)

@: berserking, very quick
A: large, unfitting armour, claws 3, regeneration 1, shaggy fur 1, tough skin 1
a: no special abilities


You were on level 4 of the Dungeon.
You visited 1 branch of the dungeon, and saw 4 of its levels.
You also visited: Sewer.

You collected 137 gold pieces.

Inventory:

Hand Weapons
 i - a +0 whip of protection
Armour
 a - a +0 robe (worn)
 b - a +0 kite shield (worn)
Jewellery
 n - a ring of see invisible (left claw)
Scrolls
 k - a scroll of brand weapon
 o - a scroll of teleportation
Potions
 c - a potion of might
 d - a potion of brilliance {unknown}
 e - a potion of heal wounds {unknown}
 f - 2 potions of invisibility
 g - a potion of attraction {unknown}
 h - a potion of berserk rage
 j - a potion of lignification {unknown}
 l - a potion of curing {unknown}
 m - a potion of degeneration {unknown}


   Skills:
 + Level 3.0 Fighting
 + Level 0.2 Maces & Flails
 + Level 3.8 Dodging
 + Level 0.2 Stealth
 + Level 3.4 Shields
 + Level 3.6 Unarmed Combat


You had 5 spell levels left.
You didn't know any spells.
Your spell library was empty.

Dungeon Overview and Level Annotations

Branches:
Dungeon (4/15)              Sewer (visited)
 Temple: D:4-7

Altars:
Zin

Annotations:
D:4 Blork the orc


Innate Abilities, Weirdness & Mutations

You are too large for most types of armour.
You have claws for hands.
Your natural rate of healing is unusually fast.
You are covered in fur. (AC +1)
You have tough skin. (AC +1)


Message History

You see here a howler monkey corpse.
HP restored.
You see here a howler monkey corpse.
You see here a howler monkey corpse.
Found 11 stones.
n - a ring of see invisible
n - a ring of see invisible (left claw)
o - a scroll of teleportation A steam dragon comes into view.
You see here 12 gold pieces.
A steam dragon is nearby!
Blork the orc comes into view.
He is wielding a +0 halberd.
Blork the orc shouts!
The steam dragon hisses angrily.
Blork the orc gestures wildly while chanting.
Blork the orc seems to speed up.
The steam dragon breathes steam at you. The ball of steam hits you!!
You closely miss the steam dragon.
You are engulfed in a cloud of scalding steam.
The steam dragon bites you.
The steam dragon claws you but does no damage.
Blork the orc hits you from afar with a +0 halberd.
You scratch the steam dragon but do no damage.
You are engulfed in a cloud of scalding steam.
The steam dragon bites you.
* * * LOW HITPOINT WARNING * * *
The steam dragon claws you but does no damage.
Blork the orc miscasts a cantrip.
You scratch the steam dragon.
The steam dragon is moderately wounded.
You are engulfed in a cloud of scalding steam.
* * * LOW HITPOINT WARNING * * *
You block Blork the orc's attack. The steam dragon closely misses you.
The steam dragon claws you.
* * * LOW HITPOINT WARNING * * *
Blork the orc barely misses you.
A red film seems to cover your vision as you go berserk!
You feel yourself moving faster!
You feel mighty!
You are engulfed in a cloud of scalding steam.
You die...

...........#...#........
...........#...#........
...........#...#........
≈..............#........
.......................
......##....#...##..#
........##.#$......#
...##.......##.#..#
...#..##...@# ##
.##.#.....#.D..#
.....##.#o#..# #.##.
....#.... # .##. ....# .
.. #...# #. ...# #. ...#


You could see Blork the orc (fast) and a steam dragon.

Vanquished Creatures
  Pargi (Sewer)
  A howler monkey (D:4)
  Jessica (D:2)
  An adder (D:2)
  A river rat (D:3)
  2 worms (D:3)
  4 dart slugs
  3 orcs (D:3)
  5 endoplasms
  4 giant cockroaches
  8 goblins
  5 hobgoblins
  A quokka (D:1)
  12 ball pythons
  14 bats
  A frilled lizard (D:2)
  7 kobolds
  11 rats
  A bush (D:2)
83 creatures vanquished.

Vanquished Creatures (collateral kills)
  A giant cockroach (D:1)
  2 goblins (D:1)
3 creatures vanquished.

Grand Total: 86 creatures vanquished

Notes
Turn   | Place    | Note
-------+----------+-------------------------------------------
     0 | D:1      | lonewolfV2 the Troll Fighter began the quest for the Orb.
     0 | D:1      | Reached XP level 1. HP: 22/22 MP: 0/0
    65 | D:1      | Reached XP level 2. HP: 29/29 MP: 1/1
   298 | D:1      | Reached XP level 3. HP: 36/36 MP: 2/2
   853 | D:2      | Found a glowing silver altar of Zin.
   891 | D:2      | Found a faded altar of an unknown god.
  1001 | D:2      | Reached XP level 4. HP: 44/44 MP: 3/3
  1129 | D:2      | Noticed Jessica
  1136 | D:2      | Killed Jessica
  2099 | D:3      | Found a glowing drain.
  2106 | D:3      | Reached XP level 5. HP: 48/52 MP: 4/4
  2122 | Sewer    | Entered a sewer
  2175 | Sewer    | Noticed Pargi
  2188 | Sewer    | Killed Pargi
  2402 | D:4      | Reached XP level 6. HP: 51/61 MP: 5/5
  2455 | D:4      | Noticed a steam dragon
  2458 | D:4      | Noticed Blork the orc
  2463 | D:4      | HP: 2/61 [steam dragon (4)]
  2464 | D:4      | Engulfed by a steam dragon's steam

Illustrated notes

Levels and vault maps discovered:
D:1:      minmay_arrival_diagonal_passages, layout_rooms, minmay_pentomino_v2
D:2:      layout_basic, basic_altar,
          dreamdust_ecumenical_altar_hidden_monk_grotto, minmay_hedge_maze,
          kennysheep_generic_room_10, uniq_jessica
D:3:      layout_loops_ring, portal_sewer_entry_b, grunt_ministairs_12
D:4:      layout_gridville, nicolae_qazlal_general_emergency,
          amcnicky_altar_gilded, nicolae_ashenzari_panopticon,
          minmay_temple_entry_ruins, gammafunk_ghost_smash, uniq_blork_the_orc

Skill      XL: |  1  2  3  4  5 |
---------------+----------------+-----
Dodging        | 3 |  3.8
Shields        | 3 |  3.4
Unarmed Combat | 3 |  3.6
Fighting       | 3 |  3.0
Maces & Flails | |  0.2
Stealth        | |  0.2

Action                   |  1- 3 |  4- 6 || total
-------------------------+-------+-------++-------
Melee: Unarmed           |   104 |   111 ||   215
       Whip              |    42 |     3 ||    45
  Use: Scroll            |     4 |     5 ||     9
       Potion            |       |     1 ||     1
Armor: Robe              |    91 |    98 ||   189
Dodge: Dodged            |    87 |    96 ||   183
Block: Kite shield       |    72 |    81 ||   153

Table legend: (Time is in decaauts)
 A = Elapsed time spent in this place.
 B = Non-inter-level travel time spent in this place.
 C = Inter-level travel time spent in this place.
 D = Time resting spent in this place.
 E = Time spent auto-exploring this place.
 F = Levels seen in this place.
 G = Mean time per level.
                   A        B        C        D        E       F      G
               +--------+--------+--------+--------+--------+-----+--------+
         Total |   2513 |   2457 |     56 |     80 |   1478 |   5 |  502.6 |
       Dungeon |   2393 |   2337 |     56 |     80 |   1458 |   4 |  598.2 |
         Sewer |    120 |    120 |      0 |      0 |     20 |   1 |  120.0 |
               +--------+--------+--------+--------+--------+-----+--------+

Top non-repeatable levels by time:
     D:2: 935 daAuts
     D:3: 794 daAuts
     D:1: 585 daAuts
   Sewer: 120 daAuts
     D:4: 77 daAuts
